 Dungeon Crawl Stone Soup version 0.30-a0-808-g6e0788376e (webtiles) character file.

Game seed: 18024440516500492570

12 Jeffwins the Grave Robber (level 2, 0/16 (24) HPs)
             Began as a Human Wanderer on Feb 26, 2023.
             Succumbed to a kobold's poison
             ... on level 1 of the Dungeon.
             The game lasted 00:01:06 (312 turns).

Jeffwins the Grave Robber (Human Wanderer)           Turns: 312, Time: 00:01:07

HP:   0/16 (24)     AC:  3    Str: 13    XL:     2   Next: 45%
MP:   2/3           EV: 11    Int: 15    God:
Gold: 34            SH:  0    Dex:  8    Spells: 2/3 levels left

rFire   . . .      SeeInvis .    a - +0 dagger (venom)
rCold   . . .      Faith    .    (no shield)
rNeg    . . .      Spirit   .    c - +0 robe
rPois   .          Reflect  .    (no helmet)
rElec   .          Harm     .    e - +0 cloak
rCorr   .          Rampage  .    (no gloves)
Will    .....                    (no boots)
Stlth   +                        (no amulet)
HPRegen 0.22/turn                (no ring)
MPRegen 0.08/turn                (no ring)

@: lethally poisoned (0 -> -11), very heavily drained
A: no striking features
a: no special abilities


You were on level 1 of the Dungeon.
You visited 1 branch of the dungeon, and saw 1 of its levels.

You collected 34 gold pieces.


   Skills:
 - Level 3.0 Fighting
 * Level 0.3 Short Blades
 + Level 1.1 Stealth
 * Level 1.2 Spellcasting
 * Level 0.4 Conjurations
 * Level 3.1 Necromancy
 * Level 1.5 Air Magic
 - Level 1.0 Evocations


You had 2 spell levels left.
You knew the following spells:

 Your Spells              Type           Power      Damage    Failure   Level
x - Kiss of Death         Conj/Necr      24%        2d7       12%         1

Your spell library contained the following spells:

 Spells                   Type           Power      Damage    Failure   Level
 Necrotise                Necr           40%        1d6       7%          1
 Cigotuvi's Dreadful Rot  Necr/Pois/Air  10%        N/A       19%         2
 Slow                     Hex            0%         N/A       24%         1
 Static Discharge         Conj/Air       6%         2-3/arc   24%         2
 Poisonous Vapours        Pois/Air       6%         N/A       26%         2
 Vampiric Draining        Necr           10%        2d6       21%         3
 Confusing Touch          Hex            0%         N/A       58%         3
 Anguish                  Hex/Necr       2%         N/A       77%         4
 Agony                    Necr           10%        N/A       88%         5

Inventory:

Hand Weapons
 a - a +0 dagger of venom (weapon)
Missiles
 f - 4 poisoned darts
Armour
 c - a +0 robe (worn)
 e - a +0 cloak (worn)
Scrolls
 d - a scroll of fog
 g - a scroll of magic mapping {unknown}
 h - a scroll of blinking {unknown}
Potions
 b - 2 potions of haste {@q3}

Dungeon Overview and Level Annotations

Branches:
Dungeon (1/15)

Altars:

.# #.# .# #.# .. #.#
## .# #.# ..
###.###.######.######
....................#
#######.######.....
########.# ####?.#
.....[†..# #.)@..#
########.###.##.##
#######.....##.#
...............#
################


There were no monsters in sight!


Message History

The kobold hits you with a +2 short sword of venom.
You hit the kobold but do no damage.
The kobold is poisoned.
The kobold hits you with a +2 short sword of venom.
You are poisoned.
You hit the kobold but do no damage.
The kobold looks as sick as possible!
You feel very sick.
The kobold hits you with a +2 short sword of venom.
* * * LOW HITPOINT WARNING * * *
You are lethally poisoned!
Casting: Kiss of Death (safe; 12% risk of failure)
Confirm with . or Enter, or press ? or * to list all spells.
Aiming: Kiss of Death (safe; 12% risk of failure)
Press: ? - help, Shift-Dir - straight line, f - kobold
Aim: a kobold, wielding a +2 short sword of venom (moderately wounded, extremely poisoned, 100% to hit)
The negative energy hits the kobold.
The kobold is drained!
You kill the kobold!
You feel drained.
* * * LOW HITPOINT WARNING * * *
You feel very sick.
Unknown command.
Unknown command.
Unknown command.
There is a lethal amount of poison in your body!
Unknown command.
Okay, then.
* * * LOW HITPOINT WARNING * * *
You feel very sick.
Things that are here:
a +2 short sword of venom; a kobold corpse You die...

Action                     || total
---------------------------++-------
  Melee: Dagger            ||    26
         Club              ||     6
         Punch             ||     1
   Cast: Kiss of Death     ||     2
   Stab: Sleeping          ||     1
 Armour: Robe              ||     6
  Dodge: Dodged            ||    19

Levels and vault maps discovered:
D:1:      dpeg_arrival_windows_large_door, layout_loops_ring

Notes
Turn   | Place    | Note
-------+----------+-------------------------------------------
     0 | D:1      | Jeffwins the Human Wanderer began the quest for the Orb.
     0 | D:1      | Jeffwins set off with the following items: a +0 club, a
                  | potion of haste {@q3}, a +0 robe, a scroll of fog; and the
                  | following spell memorised: Kiss of Death; and the following
                  | spells available to memorise: Cigotuvi's Dreadful Rot,
                  | Poisonous Vapours, Static Discharge, Anguish.
     0 | D:1      | Reached XP level 1. HP: 18/18 MP: 2/2
   106 | D:1      | Reached XP level 2. HP: 21/21 MP: 3/3
   312 | D:1      | Succumbed to a kobold's poison

Vanquished Creatures
  A ball python (D:1)
  A giant cockroach (D:1)
  4 hobgoblins (D:1)
  A quokka (D:1)
  3 kobolds (D:1)
10 creatures vanquished.

Table legend: (Time is in decaauts)
 A = Elapsed time spent in this place.
 B = Non-inter-level travel time spent in this place.
 C = Inter-level travel time spent in this place.
 D = Time resting spent in this place.
 E = Time spent auto-exploring this place.
 F = Levels seen in this place.
 G = Mean time per level.
                   A        B        C        D        E       F      G
               +--------+--------+--------+--------+--------+-----+--------+
         Total |    313 |    313 |      0 |      0 |    220 |   1 |  313.0 |
       Dungeon |    313 |    313 |      0 |      0 |    220 |   1 |  313.0 |
               +--------+--------+--------+--------+--------+-----+--------+

Top non-repeatable levels by time:
     D:1: 313 daAuts

Table legend:
 A = Non-vault XP
 B = Vault XP
 C = Vault XP percentage of total XP
 D = Non-vault monster count
 E = Vault monster count
 F = Vault count percentage of total count
                 A         B        C        D         E       F
            +---------+---------+-------+---------+---------+-------
      Total |      18 |       0 |   0.0 |      10 |       0 |   0.0
            +---------+---------+-------+---------+---------+-------
        D:1 |      18 |       0 |   0.0 |      10 |       0 |   0.0
            +---------+---------+-------+---------+---------+-------
